 Dungeon Crawl Stone Soup version 0.20.0-8-g6b59dc7 (webtiles) character file.

560 Iflex the Spear-Bearer (level 7, -4/52 HPs)
             Began as a Merfolk Gladiator on May 31, 2017.
             Slain by Sigmund
             ... wielding a +0 scythe of pain
              (7 damage)
             ... on level 5 of the Dungeon.
             The game lasted 00:10:30 (3713 turns).

Iflex the Spear-Bearer (Merfolk Gladiator)          Turns: 3713, Time: 00:10:31

Health: -4/52      AC:  4    Str: 15    XL:     7   Next: 31%
Magic:  8/8        EV: 15    Int:  7    God:
Gold:   191        SH:  0    Dex: 17    Spells: 3/7 levels left

rFire    + . .     SeeInvis .   a - +0 trident
rCold    + . .     Gourm    .   (no shield)
rNeg     . . .     Faith    .   b - +0 leather armour
rPois    +         Spirit   .   c - +0 helmet
rElec    +         Reflect  .   (no cloak)
rCorr    +         Harm     .   (no gloves)
MR       .....                  (no boots)
Stlth    ++........             j - amulet of rage
Regen    0.2/turn               x - ring of wizardry
MPRegen  0.2/turn               (no ring)

@: resistant, berserk cooldown, slowed, very slow
A: change form in water, swift swim, stealthy swim
a: Evoke Berserk Rage


You were on level 5 of the Dungeon.
You were not hungry.

You visited 1 branch of the dungeon, and saw 6 of its levels.

You collected 191 gold pieces.

Inventory:

Hand Weapons
 a - a +0 trident (weapon)
Missiles
 d - a throwing net (quivered)
 p - 7 tomahawks
 t - 5 tomahawks of returning
 v - 5 javelins
Armour
 b - a +0 leather armour (worn)
 c - a +0 helmet (worn)
Jewellery
 j - an amulet of rage (around neck)
 x - a ring of wizardry (left hand)
Wands
 n - a wand of acid (4/15)
 r - a wand of flame (19/48)
Scrolls
 h - a scroll of enchant armour {unknown}
 i - a scroll of amnesia
 o - a scroll of teleportation {unknown}
 y - 2 scrolls of remove curse {unknown}
 z - a scroll of immolation {unknown}
Potions
 m - a potion of mutation
 s - a potion of agility
 B - a potion of resistance
Books
 k - a book of Minor Magic

   Spells                             Type                      Level
   a - Magic Dart                     Conjuration                  1
   b - Blink                          Translocation                2
   c - Call Imp                       Summoning                    2
   d - Slow                           Hexes                        2
   e - Conjure Flame                  Conjuration/Fire             3
   f - Mephitic Cloud                 Conjuration/Poison/Air       3
 w - a book of Callings

   Spells                             Type                      Level
   a - Summon Small Mammal            Summoning                    1
   b - Call Imp                       Summoning                    2
   c - Call Canine Familiar           Summoning                    3
   d - Summon Guardian Golem          Hexes/Summoning              3
   e - Summon Lightning Spire         Summoning/Air                4
   f - Summon Ice Beast               Ice/Summoning                4
Comestibles
 f - 4 bread rations
 q - a meat ration


   Skills:
 + Level 3.3 Fighting
 + Level 8.1 Polearms
 + Level 2.2 Throwing
 + Level 2.1 Armour
 + Level 5.3 Dodging
 + Level 2.6 Stealth
 + Level 0.8 Spellcasting
 + Level 0.4 Summonings
 + Level 0.8 Evocations


You had 3 spell levels left.
You knew the following spells:

 Your Spells              Type           Power        Failure   Level  Hunger
a - Slow                  Hex            #.......     32%         2    ###....
b - Call Imp              Summ           #.......     26%         2    ###....


Dungeon Overview and Level Annotations

Branches:
Dungeon (6/15)
 Temple: D:4-7

Altars:
Dithmenos
Elyvilon
Qazlal
The Shining One

Annotations:
D:5 Sigmund


Message History

* * * LOW HITPOINT WARNING * * *
Something hits you!
* * * LOW HITPOINT WARNING * * *
Unknown command.
You are too berserk!
You are too berserk!
You feel a strong urge to attack something.
Attack whom?
Press: ? - help, Dir - move target cursor, f - ogre
Aim: an ogre, wielding a giant club (almost dead)
You reach to attack!
You puncture the ogre!
You kill the ogre!
You are no longer berserk.
You are exhausted.
You feel yourself slow down.
Okay, then.
You feel better. Something hits you!
* * * LOW HITPOINT WARNING * * *
It was a potion of magic.
Magic courses through your body. Something hits you!
You die...

#.#.#.#...#
###.#.##+##.....#####
..........# #.#.#....##........
.#.#.#.#.#####.#.##+#.##...#####
.......#.....#.#.#....####.#
####.###.....#)#.#....# #.#
#.........#.#.#....####.#####
#####.....5{#...............#
#.......#.....#########.#
#.......@.....# .#
#.............# .#
#.............## .#
#..)...........####### .#
#......#.#.#.#.......# .#
#..............#####.# .#
#####..#.#.#.#.# #.#
#..........# #.#
#..#.#.#.#.#####.####


You could see a crimson imp.

Vanquished Creatures
  An ogre (D:5)
  2 scorpions
  A wight (D:6)
  A howler monkey (D:3)
  A hound (D:5)
  A bullfrog skeleton (D:4)
  Terence (D:3)
  2 worker ants
  Ijyb (D:3)
  A hound skeleton (D:4)
  A worker ant zombie (D:5)
  Robin (D:2)
  4 adders
  2 worms
  A dart slug (D:2)
  2 leopard geckos
  2 orcs
  9 bats
  4 giant cockroaches
  17 goblins
  8 hobgoblins
  3 quokkas
  3 ball pythons
  3 frilled lizards
  4 kobolds (D:1)
  A leopard gecko skeleton (D:4)
  6 rats
83 creatures vanquished.

Notes
Turn   | Place    | Note
-------+----------+-------------------------------------------
     0 | D:1      | Iflex the Merfolk Gladiator began the quest for the Orb.
     0 | D:1      | Reached XP level 1. HP: 16/16 MP: 1/1
   244 | D:1      | Reached XP level 2. HP: 19/22 MP: 2/2
   679 | D:1      | Found a glowing golden altar of the Shining One.
   775 | D:1      | Reached XP level 3. HP: 28/28 MP: 3/3
   846 | D:2      | Reached skill level 5 in Polearms
  1017 | D:2      | Noticed Robin
  1021 | D:2      | Killed Robin
  1021 | D:2      | Reached XP level 4. HP: 30/34 MP: 4/4
  1144 | D:2      | Reached skill level 1 in Stealth
  1374 | D:2      | Reached skill level 1 in Armour
  1482 | D:2      | Found a glowing golden altar of the Shining One.
  1482 | D:2      | Found a stormy altar of Qazlal.
  1489 | D:2      | Found a faded altar of an unknown god.
  1491 | D:2      | Found a shadowy altar of Dithmenos.
  1492 | D:2      | Found a white marble altar of Elyvilon.
  1533 | D:3      | Reached skill level 6 in Polearms
  1612 | D:3      | Noticed Terence
  1622 | D:3      | Killed Terence
  1622 | D:3      | Reached XP level 5. HP: 30/39 MP: 5/5
  1976 | D:4      | Noticed Ijyb
  2001 | D:3      | Killed Ijyb
  2275 | D:3      | Learned a level 2 spell: Slow
  2278 | D:3      | Learned a level 2 spell: Call Imp
  2320 | D:4      | Reached skill level 7 in Polearms
  2341 | D:4      | Reached XP level 6. HP: 38/47 MP: 6/6
  3032 | D:5      | Entered Level 5 of the Dungeon
  3049 | D:5      | Reached skill level 5 in Dodging
  3631 | D:5      | You fall through a shaft!
  3639 | D:6      | Reached skill level 8 in Polearms
  3639 | D:6      | Reached XP level 7. HP: 52/52 MP: 7/7
  3651 | D:5      | Noticed Sigmund
  3706 | D:5      | HP: 2/78 [something (8)]
  3713 | D:5      | Slain by Sigmund

Skill      XL: |  1  2  3  4  5  6 |
---------------+-------------------+-----
Polearms       | 5 6 7 8 |  8.1
Stealth        | 1 2 |  2.6
Armour         | 1 2 |  2.1
Fighting       | 3 |  3.3
Dodging        | 5 |  5.3
Throwing       | |  2.2
Spellcasting   | |  0.8
Summonings     | |  0.4
Evocations     | |  0.8

Action                   |  1- 3 |  4- 6 |  7- 9 || total
-------------------------+-------+-------+-------++-------
Melee: Trident           |   104 |   191 |    18 ||   313
Throw: Javelin           |       |     5 |       ||     5
       Throwing net      |       |     1 |     1 ||     2
 Cast: Slow              |       |     1 |       ||     1
       Call Imp          |       |       |     3 ||     3
 Abil: Evoke Berserk Rag |       |     2 |       ||     2
  Use: Scroll            |     1 |     7 |     1 ||     9
       Potion            |       |     1 |     5 ||     6
 Stab: Sleeping          |     4 |     4 |       ||     8
       Distracted        |       |     2 |       ||     2
  Eat: Chunk             |       |     9 |       ||     9
       Bread ration      |       |     1 |       ||     1
Armor: Leather armour    |    28 |    43 |     1 ||    72
Dodge: Dodged            |    62 |   103 |    18 ||   183
